[Event "*** Titled Tuesday Blitz"]
[Site "Chess.com"]
[Date "2020.10.20"]
[Round "5"]
[White "zverr1"]
[Black "731291"]
[Result "1/2-1/2"]
[WhiteElo "2426"]
[BlackElo "2627"]
[TimeControl "180+1"]
[EndTime "10:58:36 PDT"]
[Termination "Game drawn by repetition"]

1. d4 Nf6 2. c4 e6 3. Nf3 b6 4.
Nc3 Bb7 5. Bg5 Bb4 6. e3 h6 7. Bh4 g5 8. Bg3 Ne4 9. Nd2 Bxc3 10. bxc3 d6 11. Nxe4 Bxe4 12. f3 Bb7 13. e4 Nd7 14. h4 Qf6 15. Qd2 O-O-O 16. Bd3 Qg7 17. hxg5 hxg5 18. O-O-O g4 19. f4 Nf6 20. Qe3 Rxh1 21.
Rxh1 Rh8 22. Rh4 Rh6 23. f5 Rxh4 24. Bxh4 exf5 25. exf5 Kd7 26. g3 Bf3 27. c5 Nd5 28.
c6+ Kxc6 29. Qe8+ Kb7 30. Be4 Qh6+ 31. Kc2 Bxe4+ 32. Qxe4 c6 33. c4 Qe3 34. Qxe3 Nxe3+ 35. Kd3 Nxf5 36. Ke4 Ng7 37. Bf6 Ne8 38. Be7 Kc7 39. Kf5 Kd7 40. Bg5 Ng7+ 41. Kxg4 Ne6 42. Be3 d5 43.
cxd5 cxd5 44. Kf5 Ke7 45. Ke5 Nc7 46. Bg5+ Kd7 47. a4 a6 48. Bd2 b5 49. axb5 axb5 50. Ba5 Kc6 51. Bxc7 Kxc7 52. Kxd5 Kb6 53. Ke4 Kc6 54.
d5+ Kc5 55. Ke5 b4 56. d6 Kc6 57. Kd4 Kxd6 58. Kc4 Ke5 59. Kxb4 Kf5 60. Kc3 Kg4 61.
Kd4 f6 62. Ke4 f5+ 63. Ke5 Kg5 64. Ke6 Kg4 65. Ke5 Kg5 66. Ke6 Kg6 67. Ke5 Kg5 1/2-1/2

[Event "*** Titled Tuesday Blitz"]
[Site "Chess.com"]
[Date "2020.10.20"]
[Round "5"]
[White "Sergey85Rodchenkov"]
[Black "SophieNikoladze"]
[Result "1-0"]
[WhiteElo "2424"]
[BlackElo "2276"]
[TimeControl "180+1"]
[EndTime "10:58:36 PDT"]
[Termination "Sergey85Rodchenkov won on time"]

1. e4 d6 2. d4 Nf6 3. Nc3 Nbd7 4. Nf3 e5 5. Bc4 Be7 6. O-O c6 7. a4 O-O 8. Re1 Qc7 9. h3 b6 10. Bg5 Bb7 11. Bxf6 Bxf6 12. d5 c5 13. Nd2 Rfe8 14.
Bd3 Nf8 15. Nc4 a6 16. Rb1 Bc8 17. b4 Rb8 18. bxc5 dxc5 19. Bf1 Nd7 20. d6 Qc6 21. Nd5 b5 22. axb5 axb5 23. Nce3 c4 24. Nf5 Qc5 25. Re3 Re6 26. Rg3 g6 27. Qf3 Bb7 28. Rd1 Bxd5 29.
Rxd5 Qc6 30. h4 Kf8 31. Ne3 Rxd6 32. h5 Rb6 33. hxg6 hxg6 34. Rh3 Ra6 35. g3 Nb6 36. Rxd6 Qxd6 37. Kg2 Nd7 38. Nd5 Bg7 39. Rh7 Nf6 40. Nxf6 Qxf6 41. Qg4 Ra8 42. Qe2 Ra2 43. Qd2 Qe7 44. Qc3 Kg8 45. Rh1 Qa3 46. Qd2 Qe7 47.
Be2 Qb7 48. Bf3 Qc7 49. Rb1 Ra5 50. Qb4 Qb6 51. Rd1 Ra8 52. Rd5 Rb8 53. Be2 Bf8 54. Qd2 Qc6 55. Bg4 Ra8 56. Bd7 Qc7 57. Bxb5 c3 58. Qd3 Rb8 59. Bc4 Rb7 60. Rd8 Ra7 61.
Rd5 1-0

[Event "*** Titled Tuesday Blitz"]
[Site "Chess.com"]
[Date "2020.10.20"]
[Round "5"]
[White "elegant285"]
[Black "ChessArchitect64"]
[Result "0-1"]
[WhiteElo "2292"]
[BlackElo "2059"]
[TimeControl "180+1"]
[EndTime "10:58:43 PDT"]
[Termination "ChessArchitect64 won by resignation"]

1. d4 d5 2. c4 c6 3. Nc3 Nf6 4.
cxd5 Nxd5 5. e4 Nxc3 6. bxc3 g6 7.
h4 Bg7 8. h5 c5 9. Be3 cxd4 10.
cxd4 Nc6 11. d5 Ne5 12. Rc1 Bd7 13. Be2 Rc8 14. f4 Rxc1 15. Bxc1 Qa5+ 16. Bd2 Qxa2 17. fxe5 Bxe5 18. Nf3 Bg3+ 19. Kf1 O-O 20. Bc3 Rc8 21.
Qd4 Qb1+ 22. Ne1 f6 23. Qe3 Bxe1 24. Bxe1 Rc1 25. Qd2 g5 26. Kf2 g4 27. g3 Rc2 28.
Qf4 Qb2 29. Qe3 Bb5 30. Bd2 Rxd2 31. Re1 Bxe2 32. Rxe2 Rxe2+ 33. Qxe2 Qxe2+ 34. Kxe2 Kg7 35. Ke3 Kh6 36. Kf4 Kxh5 37. e5 fxe5+ 38. Kxe5 b5 39. Ke6 b4 40. Kxe7 b3 41. d6 b2 42.
d7 b1=Q 43. d8=Q Qe4+ 44. Kf7 Qf5+ 45. Ke8 Qg6+ 46. Kf8 Qf5+ 47. Ke8 a5 48. Qh4+ Kg6 49.
Qe7 Qf6 50. Qe4+ Kh5 51. Qd5+ Kh6 52. Qxa5 Kg6 53. Qb4 Qf7+ 54. Kd8 Qf6+ 55. Kd7 h5 56. Qe4+ Qf5+ 57. Qe6+ Qxe6+ 58. Kxe6 h4 0-1

[Event "*** Titled Tuesday Blitz"]
[Site "Chess.com"]
[Date "2020.10.20"]
[Round "5"]
[White "Susal_De_Silva"]
[Black "esrosenberg"]
[Result "1/2-1/2"]
[WhiteElo "2417"]
[BlackElo "2291"]
[TimeControl "180+1"]
[EndTime "10:58:44 PDT"]
[Termination "Game drawn - insufficient material"]

1. e4 e5 2. Nf3 Nc6 3. Bc4 Nf6 4. d3 Bc5 5. O-O a6 6. c3 Ba7 7. h3 d6 8. Re1 h6 9. Nbd2 O-O 10. Bb3 Re8 11. Nf1 Be6 12. Ng3 Qd7 13. Bc2 Bxh3 14. gxh3 Qxh3 15. Be3 Bxe3 16. Rxe3 Ng4 17. Re1 Re6 18.
Qe2 Rg6 19. Qf1 Nxf2 20. Qxh3 Nxh3+ 21. Kh2 Nf4 22. Rad1 Ne7 23. Rd2 c5 24. Ne2 Rg2+ 25.
Kh1 Rg4 26. Nxf4 Rxf4 27. Kg2 f5 28. d4 fxe4 29. Rxe4 Rxe4 30. Bxe4 d5 31. Bc2 e4 32. Ne5 cxd4 33. cxd4 Nf5 34. Bb3 Kh7 35. Kh3 Rd8 36.
Kg4 g6 37. Kh3 Kg7 38. Rg2 g5 39. Rf2 Nxd4 40. Rf7+ Kg8 41. Rxb7 Nxb3 42. Rxb3 d4 43.
Nc4 d3 44. Ne3 d2 45. Nd1 Kf7 46. Re3 Rd4 47. Kg2 Kf6 48. Kf2 Kf5 49. Ke2 Kf4 50.
Nf2 d1=Q+ 51. Nxd1 Rxd1 52. Ra3 Rd6 53. Rh3 g4 54.
Rh5 g3 55. Rh4+ Kg5 56. Rxe4 g2 57. Kf2 Rd2+ 58. Kg1 Rxb2 59. Ra4 h5 60. Ra5+ Kg4 61. Ra4+ Kf3 62. Ra3+ Ke4 63. Ra4+ Kd3 64. Ra3+ Kc4 65. Rxa6 h4 66. Rh6 Rxa2 67. Rxh4+ Kd3 68. Rg4 Ke3 69. Rxg2 Rxg2+ 70. Kxg2 1/2-1/2

[Event "*** Titled Tuesday Blitz"]
[Site "Chess.com"]
[Date "2020.10.20"]
[Round "5"]
[White "katchesskat"]
[Black "shnitez"]
[Result "0-1"]
[WhiteElo "2236"]
[BlackElo "2449"]
[TimeControl "180+1"]
[EndTime "10:58:45 PDT"]
[Termination "shnitez won by checkmate"]

1. c4 c5 2. Nf3 g6 3. e3 Bg7 4.
Qc2 Nc6 5. a3 e5 6. d3 Nge7 7.
Nbd2 O-O 8. Be2 d6 9. Rb1 h6 10.
b4 b6 11. b5 Nb8 12. Bb2 f5 13. h4 Nd7 14. g3 Bb7 15. Rd1 Qc7 16. Rc1 Rae8 17. Qb3 Nf6 18. Ra1 Ng4 19. a4 Rf7 20. a5 Kh7 21. axb6 axb6 22. Ra7 Nc8 23. Ra1 Rfe7 24.
Qc2 Qd7 25. Bc3 Re6 26. e4 Rf6 27. h5 g5 28. exf5 Qxf5 29. Ne4 Rf7 30. O-O Rff8 31. Bd2 Kh8 32. Ra3 Rf7 33. Qc1 Ref8 34. Qc2 Qe6 35.
Kg2 Qf5 36. Rfa1 Kg8 37. Ra7 Nxf2 38. Rxb7 Rxb7 39. Nxf2 g4 40. Nxg4 Qxg4 41. Ng1 Qf5 42. Be3 Rbf7 43. Rf1 Qe6 44. Rxf7 Qxf7 45. Qd1 Ne7 46.
Bg4 d5 47. Qe2 e4 48. cxd5 exd3 49. Qxd3 Nxd5 50. Nf3 c4 51. Qd2 c3 52. Qc1 Nxe3+ 53. Qxe3 Re8 54. Qd3 Qe7 55. Bf5 Qe2+ 56. Kh3 Qxd3 57.
Bxd3 Re3 58. Bc4+ Kf8 59. Nh4 c2 60. Nf5 Rc3 61. Ne3 Rxe3 62. Ba2 c1=Q 63. Be6 Qf1+ 64. Kg4 Rxe6 65. Kh4 Qf2 66. Kg4 Qb2 67. Kh3 Qxb5 68. g4 Qg5 69. Kg3 Re3+ 70. Kf2 Qf4+ 71. Kg2 Rg3+ 72.
Kh2 Qf2+ 73. Kh1 Qg2# 0-1

[Event "*** Titled Tuesday Blitz"]
[Site "Chess.com"]
[Date "2020.10.20"]
[Round "5"]
[White "RamyresCoelho"]
[Black "OsorioFernando"]
[Result "0-1"]
[WhiteElo "2054"]
[BlackElo "2285"]
[TimeControl "180+1"]
[EndTime "10:58:45 PDT"]
[Termination "OsorioFernando won by resignation"]

1. e4 d5 2. exd5 Nf6 3. Nf3 Bg4 4.
Be2 Qxd5 5. h3 Qh5 6. Rg1 Bd7 7. d4 c6 8. Ne5 Qf5 9. Nxd7 Nbxd7 10. Be3 e6 11. Nc3 Bb4 12. Bd3 Qa5 13. Bd2 O-O-O 14. a3 Be7 15. b4 Qc7 16. b5 c5 17. dxc5 Nxc5 18. Qe2 Nxd3+ 19. cxd3 Qd7 20. b6 a6 21. Rc1 Kb8 22. Bf4+ Bd6 23. Qe3 Ka8 24. Ke2 Bxf4 25. Qxf4 Qxd3+ 26. Ke1 Rc8 27. Qd2 Qxd2+ 28. Kxd2 Rhd8+ 29. Ke2 Rc6 30. Na4 Rcd6 31. Rgd1 Rxd1 32. Rxd1 Rxd1 33. Kxd1 Nd5 34. g3 Kb8 35. Kd2 Kc8 36.
Kd3 Kd7 37. Kd4 Kc6 38. f4 Nxb6 39. Nc5 Nd7 40. Ne4 h6 41. g4 b5 42. g5 h5 43. h4 a5 44. g6 fxg6 45. Ng5 Nc5 46. Ke5 b4 47. axb4 axb4 48. Kd4 b3 49. Kc3 Kb5 50. Nf3 Ka4 51. Kb2 Nd3+ 52. Kb1 Nxf4 53. Ne5 Ng2 54. Nxg6 Ka3 55. Ne5 Nxh4 56. Nc4+ Kb4 57.
Nd2 g5 58. Kb2 g4 59. Ne4 Nf5 60. Ng5 h4 61. Nxe6 h3 62. Nf4 h2 63. Nd3+ Kb5 64. Nf2 g3 65. Nh1 g2 66. Kxb3 g1=Q 67. Ng3 Qxg3+ 68.
Ka2 h1=Q 0-1

[Event "*** Titled Tuesday Blitz"]
[Site "Chess.com"]
[Date "2020.10.20"]
[Round "5"]
[White "Legendinunknown"]
[Black "SanchezKelvin"]
[Result "1/2-1/2"]
[WhiteElo "2596"]
[BlackElo "2402"]
[TimeControl "180+1"]
[EndTime "10:58:48 PDT"]
[Termination "Game drawn - insufficient material"]

1. d4 Nf6 2. c4 g6 3. Nc3 Bg7 4. e4 d6 5. Nf3 O-O 6. Be2 c5 7. d5 e6 8. O-O exd5 9. exd5 Bg4 10. h3 Bxf3 11. Bxf3 Nfd7 12. Bf4 Be5 13. Qd2 Bxf4 14.
Qxf4 Ne5 15. Be2 Nbd7 16. Qg3 f5 17. f4 Nf7 18. Rfe1 Qf6 19. Bf1 Rfe8 20. Qf2 a6 21. a4 Qd4 22. Qxd4 cxd4 23. Ne2 Re4 24. Rad1 Rae8 25. Kf2 d3 26. Rxd3 Rxc4 27. Rc3 Rce4 28. Rec1 Nc5 29. b3 b5 30. axb5 axb5 31. g3 b4 32. Rxc5 dxc5 33. Rxc5 Nd6 34. Rc6 Rd8 35. Bg2 Re7 36. Rb6 Ne4+ 37. Bxe4 Rxe4 38. d6 Re6 39.
Rxb4 Rdxd6 40. Rb8+ Kf7 41. Rb7+ Re7 42. Rxe7+ Kxe7 43.
Ke3 Ke6 44. g4 Kd5 45. gxf5 gxf5 46. Nc3+ Kc5 47. Ne2 Rh6 48. Kf3 Rxh3+ 49. Ng3 Kb4 50. Kg2 Rh4 51. Kf3 Kxb3 52. Nxf5 Rh1 53. Ng3 Rh6 54.
Nf5 Rf6 55. Kg4 Kc4 56. Kg5 Rg6+ 57. Kh5 Kc5 58. Nh4 Rg7 59. Nf5 Rg6 60. Nh4 Rg1 61. Nf3 Rg3 62. Ng5 Kd5 63. Nxh7 Ke4 64. Kh6 Kxf4 65. Nf6 Kf5 66. Nd5 Rg5 67. Ne7+ Kg4 68. Ng6 Ra5 69. Kg7 Kg5 70. Kf7 Ra8 71. Ne7 Ra7 72.
Ke6 Ra6+ 73. Ke5 Ra5+ 74. Nd5 Rxd5+ 75. Kxd5 1/2-1/2

[Event "*** Titled Tuesday Blitz"]
[Site "Chess.com"]
[Date "2020.10.20"]
[Round "5"]
[White "Mr_Sinigami"]
[Black "glebus008"]
[Result "1-0"]
[WhiteElo "2505"]
[BlackElo "2330"]
[TimeControl "180+1"]
[EndTime "10:58:52 PDT"]
[Termination "Mr_Sinigami won by checkmate"]

1. c4 e6 2. Nf3 d5 3. e3 c6 4. b3 Nf6 5. Bb2 Be7 6. Be2 O-O 7.
O-O c5 8. cxd5 Nxd5 9. a3 Bf6 10. Qc2 Bxb2 11. Qxb2 Nc6 12. Rc1 Qe7 13. Nc3 Nxc3 14.
Qxc3 b6 15. b4 Bb7 16. bxc5 Qxc5 17. Qxc5 bxc5 18. Rab1 Rab8 19. Rxc5 Ba8 20. Rbc1 Rb2 21. Rxc6 Bxc6 22. Rxc6 Rb1+ 23. Bf1 Ra1 24. Rc3 Rb8 25. g3 g6 26. Kg2 Rbb1 27. Bd3 Rc1 28. Rb3 Rc5 29.
Bb5 a6 30. Bxa6 Ra5 31. Be2 R1xa3 32. Rb6 Ra2 33. h4 h5 34. Rd6 Kf8 35. Rd7 Ra7 36.
Rd6 Ke7 37. Rb6 R7a5 38. Bc4 Rc2 39. d3 Kf6 40. Rb7 Ra8 41. Ng5 Rf8 42. Nh7+ Kg7 43. Nxf8 Kxf8 44. e4 Kg7 45. e5 Rc3 46. Bxe6 Rxd3 47.
Rxf7+ Kh6 48. Rd7 Rc3 49. Bg8 g5 50. hxg5+ Kxg5 51. f4+ Kf5 52. Rf7+ Kg6 53. Rf6+ Kg7 54. Be6 h4 55. gxh4 Rc2+ 56. Kg3 Rc3+ 57. Kg4 Rc1 58. Kg5 Rg1+ 59. Bg4 Rg2 60. h5 Rg1 61. h6+ Kh7 62. e6 Re1 63. f5 Re2 64. Rf7+ Kh8 65. Bxe2 Kg8 66. Kg6 Kh8 67. e7 Kg8 68. f6 Kh8 69.
Bg4 Kg8 70. Bf5 Kh8 71. Be6 Kg8 72. h7+ Kh8 73. e8=Q# 1-0

[Event "*** Titled Tuesday Blitz"]
[Site "Chess.com"]
[Date "2020.10.20"]
[Round "5"]
[White "davidkalashian"]
[Black "kiborg1987"]
[Result "0-1"]
[WhiteElo "2606"]
[BlackElo "2829"]
[TimeControl "180+1"]
[EndTime "10:58:53 PDT"]
[Termination "kiborg1987 won by resignation"]

1. d4 d6 2. e4 Nf6 3. Nc3 e5 4. Nf3 Nbd7 5. Bc4 Be7 6. O-O O-O 7. a4 c6 8. Re1 a5 9. h3 exd4 10. Nxd4 Nc5 11. Qf3 Be6 12. Bf1 Qb6 13. b3 Rad8 14. Be3 Bc8 15. Rad1 Rfe8 16. Nf5 Bxf5 17. Qxf5 Nfd7 18.
Bf4 g6 19. Qg4 Ne5 20. Qg3 Qc7 21. Bh6 Bf6 22. f3 Qe7 23. Qf4 Kh8 24. Qd2 g5 25.
Ne2 Rg8 26. Ng3 Rg6 27. Nf5 Qe6 28. Qxa5 Rd7 29. b4 b6 30. Qxb6 Nxa4 31. Qa5 Nc3 32.
Ra1 Bd8 33. Qa6 Rxh6 34. Nxh6 Qxh6 35. Qc8 Qe6 36. b5 Nxb5 37. Ra8 Kg7 38. c4 Nd4 39. Rd1 c5 40. Qa6 Bf6 41. Qa4 Rd8 42. Qa7 Rxa8 43.
Qxa8 Nxc4 44. Qd5 Qxd5 45. exd5 Ne3 46. Ra1 Nxd5 47. Ra6 Be5 48. Bc4 Ne3 49. Ba2 c4 50.
Ra7 d5 51. Kf2 Nec2 52. g3 Nb4 53. Bb1 Nd3+ 54. Bxd3 cxd3 55. Ke3 Nf5+ 56. Kxd3 Nxg3 57. Ra5 Nh5 58. Rb5 Nf4+ 59. Ke3 h5 60. Kf2 h4 61.
Ke3 Kf6 62. Kf2 Nxh3+ 63. Ke3 Nf4 64. Rb6+ Kf5 65. Rb7 f6 66. Ra7 d4+ 67. Kd2 d3 68. Rh7 h3 69. Rh8 g4 70. fxg4+ Kxg4 71. Rg8+ Kf3 72.
Rh8 Kg2 73. Rg8+ Kf1 74. Rh8 Kg1 75. Rg8+ Ng2 76. Kxd3 h2 77. Rh8 h1=Q 78. Rxh1+ Kxh1 0-1

[Event "*** Titled Tuesday Blitz"]
[Site "Chess.com"]
[Date "2020.10.20"]
[Round "5"]
[White "Shuvalov"]
[Black "ChessQueen"]
[Result "0-1"]
[WhiteElo "2468"]
[BlackElo "2708"]
[TimeControl "180+1"]
[EndTime "10:58:56 PDT"]
[Termination "ChessQueen won by checkmate"]

1. b4 Nf6 2. Bb2 b5 3. e3 a5 4. Bxb5 axb4 5. Nf3 Bb7 6. O-O e6 7. d3 Be7 8. e4 c6 9. Bc4 d5 10. Bb3 O-O 11. Nbd2 c5 12. Ne5 Qc7 13. a3 c4 14. dxc4 dxe4 15. axb4 Rxa1 16. Qxa1 Bxb4 17. Rd1 Bc5 18. Nf1 Na6 19. h3 Nb4 20. Ng4 Nxg4 21.
hxg4 f6 22. Bd4 Na6 23. Ne3 Rd8 24. Ba4 Bxd4 25. Rxd4 Nc5 26. Bb5 Rxd4 27. Qxd4 Kf7 28. g3 Ke7 29. g5 Qd6 30. gxf6+ gxf6 31. Qa1 h5 32. Qf1 Qe5 33. Qh3 Qg5 34. Qf1 f5 35. Kh2 f4 36. gxf4 Qxf4+ 37. Kg1 Qg5+ 38. Qg2 Kf6 39.
Qxg5+ Kxg5 40. Kg2 Kf4 41. Be8 h4 42. Bh5 e5 43.
Kh3 Kg5 44. Bg4 Bc6 45. Bc8 Ba4 46. Kg2 Be8 47. Kh3 Bh5 48. Nd5 Be2 49. Ne3 Na4 50.
Bd7 Nc5 51. Bc8 Bf3 52. Kh2 Kf6 53. Kh3 Kg5 54. Kh2 Bh5 55. Kh3 Bf7 56. Kg2 Na4 57. Kh3 Bg8 58. Kg2 Nb6 59. Bg4 Nxc4 60. Nxc4 Bxc4 61. Bd7 Be2 62. Bc6 Bf3+ 63. Kh2 Kf4 64. Bb7 Bg4 65. Kg2 h3+ 66. Kh2 Kf3 67. c4 Bf5 68. c5 Kxf2 69. c6 e3 70. Ba6 e2 71.
Bxe2 Kxe2 72. c7 Kf3 73. Kh1 e4 74. Kg1 e3 75. Kf1 h2 76. c8=Q h1=Q# 0-1

[Event "*** Titled Tuesday Blitz"]
[Site "Chess.com"]
[Date "2020.10.20"]
[Round "5"]
[White "chessmachine14"]
[Black "UKR_Master"]
[Result "1-0"]
[WhiteElo "2340"]
[BlackElo "2445"]
[TimeControl "180+1"]
[EndTime "10:58:56 PDT"]
[Termination "chessmachine14 won by checkmate"]

1. e4 c5 2. Nf3 d6 3. d4 cxd4 4. Nxd4 Nf6 5. Nc3 a6 6. Be3 e5 7.
Nb3 Be6 8. f3 h5 9. Qd2 Nbd7 10.
a4 Rc8 11. a5 g6 12. Be2 Qc7 13. O-O Be7 14. Nc1 O-O 15. N1a2 Rfd8 16. Nb4 Nc5 17.
Ncd5 Nxd5 18. Nxd5 Bxd5 19. Qxd5 Ne6 20. Bb6 Qxc2 21.
Bxd8 Rxd8 22. Qxb7 Bg5 23. Qxa6 Be3+ 24. Kh1 Nf4 25. Rfe1 Bf2 26. Rf1 Be3 27. Rae1 Qxb2 28. g3 Nh3 29. Qb5 Qd2 30. Qd3 Nf2+ 31. Rxf2 Qxd3 32.
Bxd3 Bxf2 33. Ra1 Ra8 34. a6 Bc5 35. Bc4 Ra7 36. Rb1 Kg7 37. Kg2 f5 38. Rb8 Kf6 39.
h4 Kg7 40. Kf1 Kf6 41. Ke2 Kg7 42. Kd3 Kf6 43. Bb5 Bf2 44. Rb7 g5 45. Kc4 fxe4 46.
fxe4 gxh4 47. gxh4 Ra8 48. Kd5 Bxh4 49. a7 Bf2 50.
Be8 h4 51. Rf7+ Kg5 52. Rxf2 Rxe8 53. Kxd6 Ra8 54. Ra2 Kf4 55. Kc6 Kxe4 56. Kb7 Rxa7+ 57. Kxa7 Kf3 58. Kb6 e4 59. Kc5 e3 60. Kd4 e2 61.
Ra1 h3 62. Kd3 h2 63. Re1 h1=Q 64. Rxh1 Kg2 65. Re1 Kf2 66. Rxe2+ Kf3 67. Re8 Kg3 68. Ke3 Kg4 69. Rf8 Kh5 70. Kf4 Kh6 71. Rg8 Kh7 72.
Rg1 Kh6 73. Kf5 Kh7 74. Kf6 Kh6 75. Rh1# 1-0

[Event "*** Titled Tuesday Blitz"]
[Site "Chess.com"]
[Date "2020.10.20"]
[Round "5"]
[White "Shield12"]
[Black "Annawel"]
[Result "0-1"]
[WhiteElo "2820"]
[BlackElo "2933"]
[TimeControl "180+1"]
[EndTime "10:58:57 PDT"]
[Termination "Annawel won by resignation"]

1. e4 c5 2. Nf3 d6 3. d4 cxd4 4. Qxd4 a6 5. Be2 Nf6 6. h3 e6 7. c4 Be7 8. Nc3 b6 9. O-O Bb7 10. b3 Nbd7 11. Rd1 O-O 12. Bb2 Qc7 13. Qe3 Rac8 14.
Rac1 Rfe8 15. b4 Qb8 16. a3 Bd8 17. Bd3 Bc7 18. Qd2 d5 19. Qe2 Bf4 20. Rc2 dxc4 21.
Bxc4 b5 22. Bb3 Ne5 23. Bc1 Nxf3+ 24. Qxf3 Be5 25. Re1 Rc7 26. Bf4 Rxc3 27. Qxc3 Bxf4 28. e5 Nd5 29. Qd4 Bg5 30. h4 Bd8 31. Qg4 h6 32.
Rcc1 Bb6 33. Bc2 Ne7 34. Be4 Bxe4 35. Qxe4 Nd5 36. Re2 Rd8 37. g3 Ne7 38. Kg2 Rd4 39. Qf3 Qd8 40. Rc3 Qd5 41. Qxd5 Rxd5 42. h5 Kf8 43. f4 Ke8 44. g4 Kd7 45. Kf3 Rd4 46. Re4 Rd1 47. Ke2 Rg1 48. Kf3 Nd5 49. Rd3 Kc6 50. f5 Rf1+ 51. Kg2 Rf2+ 52. Kg3 exf5 53.
gxf5 Rxf5 54. e6 Rg5+ 55. Kf3 fxe6 56. Rxe6+ Kb7 57. Ke4 Nf6+ 58. Kf3 Rf5+ 59. Ke2 Bc7 60. Re7 Re5+ 61. Rxe5 Bxe5 62. Re3 Bd6 63. Re6 Kc6 64. Kd3 Kd7 65. Re1 Nxh5 66. Kd4 Nf6 67. Rh1 h5 68.
Rg1 Ng4 69. Kd5 Bh2 70. Rc1 h4 71. Ke4 Nf6+ 72. Kf5 Bg3 73. Kg6 h3 74. Kxg7 Nd5 75. Rd1 Ke6 76. Kg6 h2 77. Re1+ Bxe1 0-1

[Event "*** Titled Tuesday Blitz"]
[Site "Chess.com"]
[Date "2020.10.20"]
[Round "5"]
[White "RaunakSadhwani2005"]
[Black "kuban1991"]
[Result "0-1"]
[WhiteElo "2955"]
[BlackElo "2827"]
[TimeControl "180+1"]
[EndTime "10:58:59 PDT"]
[Termination "kuban1991 won by resignation"]

1. e4 e6 2. f4 d5 3. e5 c5 4. Nf3 Nc6 5. c3 Nge7 6. Na3 Nf5 7. Nc2 b6 8. d4 Bb7 9. Bd3 g6 10. O-O h5 11. a3 c4 12. Bxf5 gxf5 13. Bd2 Na5 14.
Be1 Be7 15. Bf2 Bc6 16. Qe1 h4 17. h3 Kd7 18. Ne3 Rh5 19. Kh1 Qh8 20. Rg1 Rg8 21. Qe2 Ba4 22. Raf1 Kc6 23. Be1 Nb3 24. Nd2 Nc1 25. Qf3 b5 26. Bf2 Nd3 27. Rb1 Qh6 28. b3 cxb3 29. Nxb3 Bxb3 30. Rxb3 Qxf4 31. Qxf4 Nxf4 32.
Rgb1 a6 33. a4 Rb8 34. axb5+ Rxb5 35. Rxb5 axb5 36. Nc2 Ne2 37. Be1 Rh8 38. Ra1 Kb7 39. Rb1 Kb6 40. Ne3 Rc8 41. Nd1 Ra8 42. Rb2 Ra1 43.
Rxe2 Rxd1 44. Kh2 Rd3 45. Rc2 Bg5 46. g3 hxg3+ 47. Bxg3 Rd2+ 48. Rxd2 Bxd2 49. h4 Bxc3 50. Bf4 b4 51. h5 b3 52. h6 b2 53. h7 b1=Q 54. h8=Q Qc2+ 55. Kh3 Qd3+ 56. Kh4 Qxd4 57. Qb8+ Ka5 58. Kg5 Bd2 59. Bxd2+ Qxd2+ 60. Kf6 f4 61. Qa7+ Kb5 62. Qb7+ Kc4 63. Qa6+ Kd4 64. Kxf7 Kxe5 65.
Qxe6+ Kd4 66. Qf6+ Ke3 67. Qe5+ Kf2 68. Kf6 d4 69.
Kf5 Qe3 70. Qh8 d3 71. Qh2+ Ke1 72. Qh1+ Ke2 73. Qg2+ Kd1 74. Qf1+ Kc2 75. Qa1 d2 76. Qa2+ Kd1 77. Qb1+ Ke2 0-1

[Event "*** Titled Tuesday Blitz"]
[Site "Chess.com"]
[Date "2020.10.20"]
[Round "5"]
[White "Guriempire"]
[Black "Gusarov91"]
[Result "1/2-1/2"]
[WhiteElo "2798"]
[BlackElo "2585"]
[TimeControl "180+1"]
[EndTime "10:59:00 PDT"]
[Termination "Game drawn - insufficient material"]

1. c4 Nf6 2. g3 d5 3. cxd5 Nxd5 4. Bg2 g6 5. d4 Bg7 6. e4 Nb6 7. Ne2 O-O 8. O-O Nc6 9. d5 Ne5 10. Nbc3 c6 11. f4 Ng4 12. dxc6 bxc6 13. h3 Nf6 14.
Qc2 Ba6 15. Rd1 Qc8 16. b3 c5 17. e5 Nfd7 18. Ba3 Rb8 19. Rac1 Bb7 20. Ne4 Bxe4 21.
Bxe4 Qa6 22. Bb2 Rfc8 23. Bd3 c4 24. Bxc4 Nxc4 25. bxc4 Qxa2 26. Bd4 Qxc2 27. Rxc2 Nb6 28. c5 Nd5 29. Bf2 e6 30. Ra1 Rb7 31. c6 Rbc7 32. Rxa7 Rxa7 33. Bxa7 Nb4 34. Rc4 Nxc6 35. Bf2 Ne7 36.
Rxc8+ Nxc8 37. Bc5 Bf8 38. Bxf8 Kxf8 39. Kf2 Ne7 40. Kf3 h5 41. Nd4 Nd5 42. Nb5 Ke7 43. Ke4 f6 44. exf6+ Nxf6+ 45. Kf3 Nd5 46. Ke4 Kf6 47.
Nd6 Nc3+ 48. Kd3 Nd5 49. Kd4 h4 50. Ne4+ Kf5 51. Nd6+ Kf6 52. Ne4+ Ke7 53. Ke5 hxg3 54. Nxg3 Nf6 55. Ne4 Nd7+ 56. Kd4 Nb8 57. h4 Nc6+ 58. Kc5 Nd8 59. Ng5 Nb7+ 60. Kd4 Nd6 61. Ke5 Nf5 62. Nf3 Nh6 63. Nd4 Ng4+ 64. Ke4 Nf6+ 65. Kf3 Kd6 66. Ke3 Nd5+ 67. Ke4 Nf6+ 68.
Ke3 Kd5 69. Nf3 Ng4+ 70. Ke2 Ke4 71. Ng5+ Kf5 72. Kf3 Nf6 73. Nh3 Nh5 74. Ke3 Kg4 75. Nf2+ Kxh4 76. Ke4 Kg3 77. Nd3 Ng7 78. Ke5 Kf3 79.
Kf6 Ke4 80. Kxg7 Kxd3 81. Kxg6 Ke4 82. Kf6 Kxf4 83. Kxe6 1/2-1/2

[Event "*** Titled Tuesday Blitz"]
[Site "Chess.com"]
[Date "2020.10.20"]
[Round "5"]
[White "nrvisakh"]
[Black "zajka-molotok"]
[Result "1/2-1/2"]
[WhiteElo "2722"]
[BlackElo "2501"]
[TimeControl "180+1"]
[EndTime "10:59:03 PDT"]
[Termination "Game drawn by repetition"]

1. e4 e6 2. d4 d5 3. Nc3 Bb4 4.
exd5 exd5 5. Bd3 Nc6 6. Ne2 Nge7 7. O-O Bg4 8. h3 Bh5 9. a3 Bxc3 10. bxc3 O-O 11. Rb1 Na5 12. Qd2 Bg6 13. Nf4 Bxd3 14. cxd3 b6 15. Re1 Ng6 16. Nxg6 hxg6 17. Qf4 Qd7 18.
Qf3 Rae8 19. Bf4 c6 20. Re3 Rxe3 21. fxe3 Qe7 22. Rb4 Nb7 23. c4 Rd8 24. cxd5 cxd5 25. Kh2 Qe6 26. Rb1 Nd6 27. Rc1 Nf5 28. Rc7 Rd7 29.
Rc8+ Kh7 30. g4 Re7 31. Rd8 Nxe3 32. Bxe3 Qxe3 33. Qxe3 Rxe3 34. Rd7 Rxd3 35. Rxa7 Rxd4 36. Rxf7 Rd2+ 37. Kg3 Rd3+ 38. Kh4 Rxa3 39. Rd7 Rd3 40. Rb7 Rb3 41. Rd7 Rb5 42. Rd8 Rc5 43.
Kg5 b5 44. Kf4 b4 45. Rb8 Rc4+ 46. Ke5 d4 47. Kd5 Rc3 48. Kxd4 Rxh3 49. Rxb4 Rg3 50. Ke5 Kh6 51. Kf4 Rg1 52. Rb8 g5+ 53. Kf3 Rf1+ 54.
Kg2 Rf4 55. Rb6+ Kh7 56. Kg3 Rf6 57. Rb5 Kg6 58. Rb3 Rd6 59. Ra3 Rc6 60. Rf3 Ra6 61. Re3 Rb6 62. Rf3 Rb4 63. Re3 Rb6 64. Rf3 Rb1 65.
Re3 Rg1+ 66. Kf3 Kf6 67. Ra3 Rf1+ 68. Kg3 Re1 69. Rf3+ Ke6 70. Rf5 Re3+ 71. Kg2 Re5 72. Rf8 Re4 73. Kg3 Re3+ 74. Kg2 Re4 75. Kg3 Re3+ 76.
Kg2 Re4 1/2-1/2

[Event "*** Titled Tuesday Blitz"]
[Site "Chess.com"]
[Date "2020.10.20"]
[Round "5"]
[White "ShahMatKanal"]
[Black "A-S-00"]
[Result "0-1"]
[WhiteElo "2449"]
[BlackElo "2304"]
[TimeControl "180+1"]
[EndTime "10:59:06 PDT"]
[Termination "A-S-00 won on time"]

1. e4 c5 2. Nc3 e6 3. d4 cxd4 4. Qxd4 Nc6 5. Qd3 Nf6 6. a3 d5 7. exd5 exd5 8. Nf3 Be7 9. Be2 O-O 10. O-O g6 11. Bh6 Bf5 12. Qd2 Re8 13. Rad1 Ne4 14.
Nxe4 dxe4 15. Nd4 Nxd4 16. Qxd4 Qxd4 17. Rxd4 Bf6 18. Rb4 b6 19. b3 Rac8 20. Rc4 b5 21. Rxc8 Rxc8 22. Bxb5 Rxc2 23. Rc1 Rxc1+ 24. Bxc1 Bd4 25.
Kf1 Kf8 26. Ke2 Ke7 27. Be3 Bb2 28. Bc5+ Kd8 29. a4 Be6 30. Bxa7 Bxb3 31. Bb6+ Ke7 32. a5 Bd5 33. a6 Ba8 34. g4 f5 35.
gxf5 gxf5 36. Ke3 Be5 37. h3 f4+ 38. Ke2 Ke6 39. Bc4+ Kf5 40. Bg8 h6 41. Bc5 Bc7 42.
Bc4 h5 43. a7 h4 44. Be7 Bb6 45. Bxh4 Bxa7 46. Bd8 f3+ 47. Kf1 Bc6 48. Ba6 Bd7 49.
Ba5 Kf4 50. h4 Kg4 51. Bc3 Kxh4 52. Bc4 Kg4 53. Bd5 Kf4 54. Bd2+ Ke5 55. Bc4 Bh3+ 56.
Ke1 Bc5 57. Bb5 Bd4 58. Ba6 Be6 59. Bb7 Kf5 60. Ba6 Bd5 61. Bc8+ Ke5 62. Ba6 Kf5 63. Bf1 Kg4 64. Bb4 e3 65. fxe3 Bxe3 66. Bd2 Bxd2+ 67. Kxd2 Kg3 68. Ke3 Bc6 69. Bd3 Kg2 70. Bc4 f2 71.
Bd3 Kg1 72. Be2 Bg2 73. Bd3 Bf1 74. Bf5 Bb5 75. Bh3 Bd7 76. Bxd7 f1=Q 77. Bc6 Qc1+ 0-1

[Event "*** Titled Tuesday Blitz"]
[Site "Chess.com"]
[Date "2020.10.20"]
[Round "5"]
[White "Sokoloco"]
[Black "Euwe1234"]
[Result "0-1"]
[WhiteElo "2454"]
[BlackElo "2339"]
[TimeControl "180+1"]
[EndTime "10:59:09 PDT"]
[Termination "Euwe1234 won by resignation"]

1. b3 Nf6 2. Bb2 e6 3. e3 Be7 4. f4 O-O 5. Nf3 d5 6. d4 c5 7. Bd3 Nc6 8. O-O Qc7 9. Ne5 cxd4 10. exd4 Nb4 11. Nd2 Nxd3 12. Nxd3 Ne4 13. Nxe4 dxe4 14. Ne5 f6 15. Ng4 b6 16. c4 Bb7 17. Qe2 Rad8 18. Rad1 f5 19. Ne5 Bd6 20. d5 exd5 21. cxd5 Bc5+ 22.
Kh1 Bxd5 23. Rc1 Qe7 24. Rfd1 Kh8 25. Rc2 Bb7 26. Rcd2 Rxd2 27. Qxd2 e3 28. Qe2 Bd6 29. Qxe3 Bxe5 30. Bxe5 Be4 31. Qd4 Re8 32. Qd7 h6 33. a3 Kh7 34. b4 a5 35. Kg1 Bb7 36. Kf2 axb4 37. axb4 Bc8 38. Qxe7 Rxe7 39. Rd8 Bb7 40. Rb8 b5 41. g3 Rd7 42. Ke3 Be4 43. Rxb5 Rd3+ 44.
Kf2 Rd2+ 45. Ke1 Rxh2 46. Rc5 g5 47. Rc7+ Kg6 48. b5 gxf4 49. gxf4 Rh1+ 50. Kd2 Rb1 51.
Rc5 h5 52. Kc3 h4 53. Kc4 h3 54. Rc8 h2 55. Rg8+ Kf7 56. Rg7+ Kf8 57. Rh7 h1=Q 58.
Rxh1 Bxh1 59. Kc5 Be4 60. Kb6 Kf7 61. Ka6 Ke6 62. b6 Kd5 63. Ka7 Kc4 64. Bd6 Ra1+ 65.
Kb8 Rb1 66. Ka7 Kd3 67. Be5 Bc6 68. Bd6 Ke4 69. Be5 Kd5 70. Kb8 Rxb6+ 71. Kc7 Rb7+ 72. Kc8 Rf7 73. Bc7 Rf8+ 74. Bd8 Kd6 75. Kb8 Rxd8+ 76. Ka7 Kc7 0-1